 Dungeon Crawl Stone Soup version 0.24.0-13-gcf9b3192b9 (webtiles) character file.

Game seed: 8035313559305322832, levelgen mode: deterministic

18047 mopl the Severer (level 12, -3/104 HPs)
             Began as a Minotaur Berserker on Nov 6, 2019.
             Was the Champion of Trog.
             Shot with an arrow by a centaur warrior (15 damage)
             ... on level 13 of the Dungeon.
             The game lasted 00:19:46 (9426 turns).

mopl the Severer (Minotaur Berserker)               Turns: 9426, Time: 00:19:47

Health: -3/104     AC: 13    Str: 22    XL:     12   Next: 24%
Magic:  5/5        EV: 18    Int:  4    God:    Trog [******]
Gold:   1024       SH:  0    Dex: 17    Spells: 11/11 levels left

rFire    . . .     SeeInvis .   a - +2 battleaxe (antimagic)
rCold    . . .     Gourm    .   (shield currently unavailable)
rNeg     . . .     Faith    .   p - +0 scale mail {rPois}
rPois    +         Spirit   .   (helmet restricted)
rElec    .         Reflect  .   G - +1 cloak
rCorr    .         Harm     .   g - +0 pair of gloves
MR       .....                  s - +0 pair of boots
Stlth    ..........             U - amulet of regeneration
HPRegen  0.67/turn              V - +3 ring of evasion
MPRegen  0.09/turn              R - +2 ring of dexterity

@: berserk cooldown, slowed, very slow
A: retaliatory headbutt, horns 2
a: Berserk, Trog's Hand, Brothers in Arms, Renounce Religion


You were on level 13 of the Dungeon.
You worshipped Trog.
Trog was exalted by your worship.
You were not hungry.

You visited 1 branch of the dungeon, and saw 13 of its levels.
You also visited: Ossuary.

You collected 1024 gold pieces.

Inventory:

Hand Weapons
 a - a +2 antimagic battleaxe (weapon)
 J - a +3 executioner's axe of freezing
 S - the +11 spear of Hidafo {pierce, rPois SInv}
   (You found it on level 8 of the Dungeon)

   It inflicts extra damage upon your enemies.
   It protects you from poison.
   It lets you see invisible.
 Y - a +2 scimitar of flaming
Missiles
 d - 19 javelins (quivered)
 y - 15 boomerangs
 L - 6 atropa-tipped darts
 O - 2 boomerangs of dispersal
 Q - 23 poisoned darts
Armour
 g - a +0 pair of gloves (worn)
 p - a +0 scale mail of poison resistance (worn)
 s - a +0 pair of boots (worn)
 G - a +1 cloak (worn)
Jewellery
 j - an uncursed ring of ice
 R - a +2 ring of dexterity (right hand)
 U - an amulet of regeneration (around neck)
 V - a +3 ring of evasion (left hand)
Wands
 m - a wand of acid (7)
 o - a wand of polymorph (6)
 K - a wand of disintegration (6)
 M - a wand of digging (10)
 P - a wand of iceblast (4)
 X - a wand of flame (34)
Scrolls
 b - a scroll of blinking {unknown}
 e - 3 scrolls of fog {unknown}
 f - 7 scrolls of teleportation
 i - 4 scrolls of amnesia {unknown}
 l - 3 scrolls of noise {unknown}
 q - 3 scrolls of immolation {unknown}
 r - a scroll of silence {unknown}
 v - 4 scrolls of enchant weapon {unknown}
 w - a scroll of torment {unknown}
 x - 6 scrolls of remove curse
 z - 4 scrolls of fear {unknown}
 B - a scroll of magic mapping {unknown}
 C - a scroll of summoning {unknown}
 E - a scroll of random uselessness {unknown}
 F - a scroll of vulnerability
 N - a scroll of acquirement {unknown}
 T - a scroll of enchant armour
 Z - a scroll of holy word
Potions
 h - a potion of ambrosia
 k - 2 potions of resistance
 n - 6 potions of curing
 t - 2 potions of magic
 u - a potion of might
 A - a potion of heal wounds
 D - a potion of lignification
 H - 3 potions of flight
 I - 3 potions of agility
Comestibles
 c - 20 rations
 W - 4 chunks of flesh


   Skills:
 + Level 9.2 Fighting
 * Level 15.1 Axes
 + Level 7.0 Throwing
 + Level 8.7 Armour
 + Level 8.0 Dodging
 + Level 6.4 Evocations


You had 11 spell levels left.
You didn't know any spells.
Your spell library contained the following spells:

 Spells                   Type           Power        Failure   Level  Hunger
 Animate Skeleton         Necr           N/A          78%         1    ##.....
 Apportation              Tloc           #.....       78%         1    ##.....
 Confusing Touch          Hex            #.....       78%         1    ##.....
 Flame Tongue             Conj/Fire      #....        78%         1    ##.....
 Sandblast                Erth           #.....       78%         1    ##.....
 Summon Small Mammal      Summ           #...         78%         1    ##.....
 Passwall                 Tmut/Erth      #.......     89%         2    ###....
 Throw Flame              Conj/Fire      #.....       89%         2    ###....
 Conjure Flame            Conj/Fire      #.......     98%         3    ####...
 Inner Flame              Hex/Fire       #.......     98%         3    ####...
 Stone Arrow              Conj/Erth      #.....       98%         3    ####...
 Petrify                  Tmut/Erth      #.......     100%        4    #####..
 Sticky Flame             Conj/Fire      #.......     100%        4    #####..
 Fireball                 Conj/Fire      #.........   100%        5    ######.
 Lee's Rapid Deconstruct  Erth           #.........   100%        5    ######.


Dungeon Overview and Level Annotations

Branches:
Dungeon (13/15)            Temple (0/1) D:7            Lair (0/6) D:10
    Orc (0/2) D:10        Ossuary (visited)
 Vaults: D:13-14

Altars:
Ashenzari
Fedhas
Gozag
Kikubaaqudgha
Ru
Trog
Uskayaw
Vehumet
Xom
Yredelemnul
Zin
Beogh

Shops:
D:4 %

Portals:
Trove: D:10 (give +3 gold dragon scales)

Annotations:
D:7 3 runed translucent doors, ambioZ's ghost, novice TrTm
D:9 2 transporters


Innate Abilities, Weirdness & Mutations

You reflexively headbutt those who attack you in melee.
You have a pair of horns on your head.


Message History

You slice the very large slime creature!!
You kill the very large slime creature!
Trog accepts your kill.
Your Throwing skill increases to level 7!
You hear the faint crackling of a very distant melting archway.
You feel a strong urge to attack something.
Eat one of 5 chunks of flesh? (ye/n/q)
You eat one of the 5 chunks of flesh.
This raw flesh tastes terrible.
You feel your anger nearly subside.
You are no longer berserk.
Trog's vigour flows through your veins.
You are exhausted.
You feel yourself slow down.
A centaur warrior comes into view. It is wielding a +0 morningstar.
The centaur warrior shouts!
The centaur warrior unwields a +0 morningstar.
The centaur warrior wields a +0 shortbow.
The centaur warrior shoots an arrow.
The arrow hits you!
* * * LOW HITPOINT WARNING * * *
The centaur warrior shoots an arrow.
The arrow hits you!
You die...

######...........
....c.........#
..............#
.......(......#
.........รท....#
........<###.##
##+#........#
#..........#
#.#...@....#
###.#........#
.............#
.####........#
##...##### ###.#
#.# #.# #.#


You could see a centaur warrior.

Vanquished Creatures
  Erolcha (D:10)
  Erica (D:11)
  A two-headed ogre (D:10)
  2 ugly things (D:12)
  Pikel (D:6)
  Maurice (D:11)
  2 kobold demonologists
  6 slime creatures (D:13)
  Prince Ribbit (D:8)
  Grinder (D:5)
  A hippogriff (D:12)
  2 wraiths
  A wyvern (D:8)
  5 yaks (D:8)
  Eustachio (D:5)
  A human (D:10)
  5 hungry ghosts
  Grum (D:8)
  Menkaure (D:6)
  2 two-headed ogre zombies (D:10)
  An acid dragon (D:13)
  Duvessa (D:5)
  3 orc warriors
  3 phantoms
  4 sky beasts
  A slave (D:6)
  An ice beast (D:10)
  6 ogres
  4 wolves
  8 centaurs
  A crocodile (D:10)
  12 big kobolds
  A bullfrog (D:12)
  Dowan (D:5)
  A wyvern skeleton (D:8)
  6 scorpions
  A troll zombie (D:10)
  14 killer bees
  29 wights
  3 howler monkeys
  7 crimson imps
  5 hounds
  A quasit (D:7)
  14 orc wizards
  3 centaur zombies
  2 bullfrog skeletons
  8 orc priests
  3 jellies
  3 centaur skeletons
  A human zombie (Ossuary)
  3 iguanas
  Ijyb (D:5)
  7 worker ants
  5 ogre zombies (D:10)
  6 hound zombies
  A hound skeleton (D:8)
  3 mummies (Ossuary)
  A worker ant zombie (D:9)
  6 gnolls
  10 adders
  2 shadow imps
  A white imp (D:13)
  An ufetubus (D:13)
  An ooze (D:5)
  An adder zombie (D:5)
  4 adder skeletons
  4 dart slugs
  7 leopard geckos
  49 orcs
  A giant cockroach (D:4)
  A gnoll zombie (Ossuary)
  11 goblins
  10 hobgoblins
  8 jackals
  3 quokkas
  2 ball pythons
  9 bats
  12 frilled lizards
  2 goblin skeletons (D:10)
  4 goblin zombies
  A hobgoblin skeleton (D:10)
  4 hobgoblin zombies
  A jackal skeleton (D:5)
  5 jackal zombies (Ossuary)
  21 kobolds
  9 kobold zombies (Ossuary)
  A leopard gecko skeleton (D:4)
  20 orc zombies
  A quokka zombie (Ossuary)
  9 rats
  6 rat zombies (Ossuary)
439 creatures vanquished.

Vanquished Creatures (others)
  Edmund (D:6)
  2 slaves (D:6)
3 creatures vanquished.

Grand Total: 442 creatures vanquished

Notes
Turn   | Place    | Note
-------+----------+-------------------------------------------
     0 | D:1      | mopl the Minotaur Berserker began the quest for the Orb.
     0 | D:1      | Reached XP level 1. HP: 19/19 MP: 0/0
    29 | D:1      | Reached skill level 4 in Axes
    72 | D:1      | Reached XP level 2. HP: 21/26 MP: 1/1
   616 | D:1      | Reached skill level 5 in Axes
   717 | D:1      | Reached XP level 3. HP: 18/31 MP: 2/2
   866 | D:2      | Reached ** piety under Trog
  1146 | D:2      | Found a shimmering altar of Xom.
  1273 | D:2      | Found a bloodstained altar of Trog.
  1390 | D:2      | Found a blossoming altar of Fedhas.
  1446 | D:3      | You fall into a shaft and drop 2 floors!
  1446 | D:5      | Entered Level 5 of the Dungeon
  1454 | D:5      | Reached XP level 4. HP: 39/39 MP: 3/3
  1455 | D:5      | Reached skill level 6 in Axes
  1521 | D:5      | Noticed Ijyb
  1523 | D:5      | Reached skill level 7 in Axes
  1523 | D:5      | Reached XP level 5. HP: 42/45 MP: 4/4
  1532 | D:5      | Killed Ijyb
  1569 | D:5      | Found a hide-covered altar of Uskayaw.
  1584 | D:5      | Noticed Eustachio
  1584 | D:5      | Noticed a centaur
  1592 | D:5      | Killed a centaur
  1592 | D:5      | Reached skill level 8 in Axes
  1592 | D:5      | Reached XP level 6. HP: 48/51 MP: 5/5
  1595 | D:5      | Killed Eustachio
  1595 | D:5      | Reached skill level 9 in Axes
  1671 | D:5      | Reached *** piety under Trog
  1718 | D:4      | Found Yxzamic's Food Shoppe.
  1815 | D:4      | Reached XP level 7. HP: 57/57 MP: 6/6
  1837 | D:4      | Found a sand-covered staircase.
  1855 | Ossuary  | Entered an ossuary
  1904 | Ossuary  | Reached skill level 10 in Axes
  2023 | Ossuary  | Reached **** piety under Trog
  3081 | D:4      | Reached skill level 1 in Throwing
  3081 | D:4      | Reached skill level 1 in Evocations
  3081 | D:4      | Reached XP level 8. HP: 55/66 MP: 7/7
  3239 | D:5      | Noticed Grinder
  3251 | D:5      | Killed Grinder
  3251 | D:5      | Reached skill level 11 in Axes
  3418 | D:5      | Noticed Duvessa
  3418 | D:5      | Noticed Dowan
  3427 | D:5      | Killed Duvessa
  3430 | D:5      | Killed Dowan
  3741 | D:6      | Reached ***** piety under Trog
  3741 | D:6      | Reached skill level 5 in Fighting
  3825 | D:6      | Noticed Menkaure
  3827 | D:6      | Noticed Pikel
  3841 | D:6      | Killed Pikel
  3841 | D:6      | Reached XP level 9. HP: 74/74 MP: 10/10
  3843 | D:6      | Killed Menkaure
  3860 | D:6      | Noticed Edmund
  3886 | D:6      | Killed Edmund
  3951 | D:6      | Reached skill level 12 in Axes
  4317 | D:6      | Found a glowing silver altar of Zin.
  4317 | D:6      | Found a shattered altar of Ashenzari.
  4327 | D:6      | Found an opulent altar of Gozag.
  4329 | D:6      | Found a faded altar of an unknown god.
  4331 | D:6      | Found a faded altar of an unknown god.
  4500 | D:7      | Found a runed translucent gate.
  4500 | D:7      | Found a runed translucent gate.
  4504 | D:7      | Noticed ambioZ's ghost (novice TrTm)
  4508 | D:7      | Reached skill level 5 in Armour
  4508 | D:7      | Identified the cursed +0 chain mail "Vywnar" {rF+ rC-
                  | Str+4}
  4537 | D:7      | Found a runed translucent gate.
  4537 | D:7      | Found a roughly hewn altar of Beogh.
  4584 | D:7      | Found a staircase to the Ecumenical Temple.
  4795 | D:7      | You fall into a shaft and drop 1 floor!
  4901 | D:8      | Found a radiant altar of Vehumet.
  4946 | D:8      | Reached skill level 5 in Dodging
  4994 | D:8      | Reached XP level 10. HP: 76/84 MP: 11/11
  5013 | D:8      | Found a sacrificial altar of Ru.
  5071 | D:8      | Noticed Grum
  5077 | D:8      | Killed Grum
  5531 | D:7      | Received a gift from Trog
  5759 | D:8      | Noticed Prince Ribbit
  5779 | D:8      | Reached skill level 13 in Axes
  5793 | D:8      | Killed Prince Ribbit
  5960 | D:7      | Found a hide-covered altar of Uskayaw.
  6154 | D:8      | Got a bloodstained spear
  6243 | D:9      | Received a gift from Trog
  6323 | D:9      | Found a transporter.
  6340 | D:9      | Noticed a skeletal warrior
  6342 | D:9      | Found a transporter.
  6352 | D:9      | Noticed a death knight
  6353 | D:9      | Found a basalt altar of Yredelemnul.
  6357 | D:9      | Noticed a death knight
  6361 | D:9      | Noticed a death knight
  6363 | D:9      | Found an ancient bone altar of Kikubaaqudgha.
  6943 | D:10     | Entered Level 10 of the Dungeon
  6960 | D:10     | Reached skill level 5 in Throwing
  7131 | D:10     | Reached XP level 11. HP: 88/92 MP: 4/13
  7134 | D:10     | Reached skill level 5 in Evocations
  7185 | D:10     | Found an opulent altar of Gozag.
  7391 | D:10     | Received a gift from Trog
  7395 | D:10     | Found a staircase to the Orcish Mines.
  7467 | D:10     | Reached skill level 14 in Axes
  7487 | D:10     | Noticed a two-headed ogre
  7499 | D:10     | Killed a two-headed ogre
  7700 | D:10     | Received a gift from Trog
  7820 | D:10     | Noticed Erolcha
  7830 | D:10     | Killed Erolcha
  7987 | D:10     | Found a staircase to the Lair.
  8030 | D:10     | Found a portal to a secret trove of treasure.
  8080 | D:11     | Noticed Erica
  8100 | D:11     | Killed Erica
  8138 | D:11     | Noticed Maurice
  8152 | D:11     | Identified the +11 spear of Hidafo {pierce, rPois SInv}
                  | (You found it on level 8 of the Dungeon)
  8152 | D:11     | Killed Maurice
  8827 | D:12     | Noticed a red ugly thing
  8837 | D:12     | Killed a red ugly thing
  8838 | D:12     | Noticed a green ugly thing
  8864 | D:12     | Killed a green ugly thing
  8927 | D:12     | Reached ****** piety under Trog
  8962 | D:12     | Received a gift from Trog
  8964 | D:12     | Reached XP level 12. HP: 64/103 MP: 5/15
  9353 | D:13     | Reached skill level 15 in Axes
  9426 | D:13     | Noticed a centaur warrior
  9426 | D:13     | Shot with an arrow by a centaur warrior

Levels and vault maps discovered:
D:1:      psy_arrival_fountain, layout_loops_corners, hangedman_glass_teeth
D:2:      layout_basic, bloody_trog, marbit_many_paths, xom_teletrap_fun,
          first_ration
D:3:      layout_basic
D:4:      layout_loops_ring, enter_ossuary_1, serial_shops, shop
D:5:      layout_gridville, kennysheep_mini_moat, minmay_splitting_lines,
          minmay_hedge_maze, uniq_duvessa, uniq_ijyb, uniq_grinder,
          uniq_eustachio
D:6:      layout_basic, chequers_temple_overflow_minitemple, minivault_19,
          uniq_edmund, uniq_pikel, uniq_menkaure
D:7:      lemuel_upstairs_altar, layout_cave_pods,
          minmay_temple_entry_glassed_door, biasface_ghost_orc_armoury,
          patterned_corridor
D:8:      layout_loops_cross, nicolae_overflow_crystal_walls, vehumet_crystals,
          uniq_prince_ribbit1, uniq_grum
D:9:      layout_loops_ring, gammafunk_temple_of_torment
D:10:     minmay_skewed_foursquare, layout_loops_ring, lair_entry_dummy,
          zombieorc2_lemuel, basic_altar, enter_trove_6, special_room
          [special_room_kobold], grunt_pizzeria, uniq_erolcha
D:11:     layout_irregular_city, hangedman_decor_lopped, uniq_erica,
          uniq_maurice
D:12:     layout_rooms
D:13:     layout_basic, david_vaults_5, serial_ice, serial_ice_o, serial_ice_i,
          serial_ice_a, serial_ice_h, serial_ice_f, serial_ice_d,
          portal_ice_cave_entry_pillars_1, chequers_jeans

Skill      XL: |  1  2  3  4  5  6  7  8  9 10 11 12 |
---------------+-------------------------------------+-----
Axes           | 4 5 7 8 9 10 11 12 13 14 15 | 15.1
Fighting       | 4 5 6 7 8 9 |  9.2
Throwing       | 1 3 4 5 6 7 |  7.0
Armour         | 3 4 5 7 8 |  8.7
Evocations     | 1 2 3 4 6 |  6.4
Dodging        | 4 5 6 7 8 |  8.0

Action                   |  1- 3 |  4- 6 |  7- 9 | 10-12 || total
-------------------------+-------+-------+-------+-------++-------
Melee: Hand axe          |    95 |    40 |   136 |       ||   271
       Headbutt          |    13 |     8 |    85 |   108 ||   214
       Unarmed           |       |     2 |       |       ||     2
       War axe           |       |       |   212 |       ||   212
       Battleaxe         |       |       |    66 |   470 ||   536
       Executioner's axe |       |       |       |    15 ||    15
Invok: Berserk           |     2 |     3 |     7 |    12 ||    24
       Trog's Hand       |       |       |     3 |     3 ||     6
Evoke: Wand              |       |       |       |     3 ||     3
  Use: Scroll            |       |       |    12 |     5 ||    17
  Eat: Chunk             |     2 |     5 |    19 |    24 ||    50
       Ration            |       |       |       |     2 ||     2
Armor: Animal skin       |    12 |     1 |       |       ||    13
       Scale mail        |       |     8 |   142 |   156 ||   306
Dodge: Dodged            |    55 |    24 |   188 |   413 ||   680
